Map: Eastwatch LE

Players

Harstem - Winner!

  • Race: Protoss Protoss
  • Spawn Location: 7:00

soO

  • Race: Zerg Zerg
  • Spawn Location: 1:00

Event: IEM Season 12 - Katowice

VOD

Have the link to the VOD?

Description

Time

  • Played on: Feb. 27, 2018, 10:11 a.m.
  • Length: 14:36

All games in this series

Show
View Real Time Build Order
Export as new Build Order

Harstem Protoss - Winner!

Build Orders: Nexus First, Oracle Opening, Chargelot Immortal 

Get SALT Encoding   

  12  0:00  Probe  
  13  0:12  Probe  
  14  0:19  Pylon  
  14  0:25  Probe (Chrono Boost)  
  15  0:37  Probe (Chrono Boost)  
  16  0:45  Probe (Chrono Boost)  
  17  0:59  Nexus  
  17  1:08  Gateway  
  17  1:11  Probe (Chrono Boost)  
  18  1:21  Probe (Chrono Boost), Assimilator  
  19  1:26  Probe (Chrono Boost)  
  19  1:29  Assimilator  
  20  1:38  Probe  
  21  1:40  Pylon  
  21  1:50  Probe  
  22  1:57  Cybernetics Core  
  22  2:00  Zealot  
  24  2:02  Probe (Chrono Boost)  
  25  2:12  Probe (Chrono Boost)  
  25  2:13  Probe (Chrono Boost)  
  27  2:20  Probe x2 (Chrono Boost)  
  29  2:25  Probe (Chrono Boost)  
  29  2:28  Probe  
  31  2:34  Warp Gate, Stalker  
  33  2:37  Probe  
  33  2:40  Probe  
  35  2:46  Stargate  
  35  2:49  Probe  
  36  2:53  Pylon  
  36  2:57  Probe  
  37  3:01  Probe  
  37  3:04  Adept  
  40  3:07  Pylon  
  40  3:09  Probe  
  41  3:13  Probe  
  42  3:21  Probe  
  42  3:25  Probe  
  44  3:29  Oracle (Chrono Boost)  
  47  3:36  Probe  
  47  3:39  Nexus  
  47  3:40  Adept  
  50  3:44  Pylon  
  50  3:46  Probe  
  51  3:50  Probe  
  52  3:57  Oracle (Chrono Boost)  
  52  3:58  Probe  
  52  4:02  Probe, Gateway  
  57  4:08  Assimilator  
  57  4:10  Probe  
  57  4:11  Assimilator  
  57  4:14  Probe  
  59  4:22  Robotics Facility  
  59  4:23  Probe  
  60  4:26  Probe  
  61  4:33  Phoenix (Chrono Boost)  
  61  4:35  Probe  
  61  4:38  Probe  
  65  4:46  Adept  
  65  4:47  Probe (Chrono Boost)  
  69  4:53  Probe (Chrono Boost)  
  69  4:55  Probe (Chrono Boost)  
  69  4:59  Probe (Chrono Boost)  
  71  5:00  Shield Battery  
  71  5:05  Probe (Chrono Boost)  
  71  5:06  Probe x2 (Chrono Boost)  
  74  5:08  Sentry, Gateway  
  74  5:09  Forge  
  74  5:10  Probe (Chrono Boost), Pylon, Sentry  
  74  5:12  Twilight Council  
  74  5:13  Probe  
  79  5:14  Probe, Pylon  
  79  5:19  Immortal (Chrono Boost)  
  79  5:21  Probe  
  79  5:26  Probe, Pylon  
  85  5:28  Probe  
  86  5:49  Immortal (Chrono Boost)  
  85  5:52  Zealot x2  
  85  5:53  Shield Battery  
  85  5:54  Shield Battery  
  85  5:56  Photon Cannon  
  90  5:58  Shield Battery  
  90  5:59  Pylon, Photon Cannon  
  90  6:01  Photon Cannon  
  90  6:03  Photon Cannon  
  90  6:08  Pylon, Sentry  
  92  6:14  Sentry  
  92  6:15  Sentry  
  92  6:18  Immortal (Chrono Boost)  
  96  6:19  Probe  
  96  6:24  Probe  
  102  6:30  Probe  
  102  6:32  Charge (Chrono Boost)  
  98  6:36  Probe  
  98  6:37  Forge  
  98  6:38  Zealot  
  98  6:39  Zealot  
  97  6:46  Gateway  
  95  6:47  Gateway  
  95  6:48  Immortal (Chrono Boost)  
  95  6:52  Probe  
  98  6:57  Probe  
  93  7:02  Zealot x2  
  94  7:12  Probe  
  88  7:17  Protoss Ground Weapons Level 1 (Chrono Boost)  
  88  7:19  Probe  
  88  7:20  Immortal  
  88  7:22  Zealot x2  
  89  7:25  Probe  
  89  7:29  Pylon  
  92  7:36  Probe  
  91  7:42  Sentry  
  91  7:43  Sentry  
  95  7:45  Gateway  
  95  7:48  Zealot x2  
  95  7:49  Probe  
  95  7:50  Probe, Gateway  
  97  7:55  Pylon  
  95  7:59  Probe  
  95  8:00  Pylon  
  95  8:05  Pylon  
  94  8:13  Zealot x3  
  94  8:16  Probe, Immortal (Chrono Boost)  
  94  8:18  Pylon  
  103  8:24  Probe  
  103  8:25  Probe  
  93  8:37  Zealot x3  
  93  8:38  Probe (Chrono Boost)  
  100  8:42  Assimilator  
  100  8:43  Pylon, Assimilator  
  100  8:45  Stargate, Zealot  
  100  8:46  Assimilator  
  100  8:47  Probe (Chrono Boost)  
  104  8:53  Probe (Chrono Boost)  
  104  8:54  Observer (Chrono Boost)  
  106  8:55  Probe (Chrono Boost)  
  106  8:57  Probe (Chrono Boost)  
  107  9:05  Protoss Ground Weapons Level 2  
  107  9:07  Photon Cannon  
  107  9:09  Gateway  
  107  9:12  Probe  
  107  9:15  Probe  
  107  9:16  Probe  
  110  9:22  Zealot x3  
  110  9:24  Nexus  
  116  9:27  Pylon  
  116  9:28  Zealot, Templar Archives  
  118  9:35  Phoenix (Chrono Boost)  
  120  9:39  Pylon  
  120  9:40  Probe  
  120  9:42  Probe  
  120  9:43  Probe  
  121  9:48  Photon Cannon  
  121  9:50  Pylon, Immortal (Chrono Boost), Psionic Storm  
  121  9:52  Probe  
  126  9:54  Probe (Chrono Boost)  
  127  10:02  Zealot x2  
  127  10:03  Probe (Chrono Boost)  
  127  10:06  Probe (Chrono Boost)  
  134  10:12  High Templar x2  
  134  10:13  Shield Battery  
  138  10:20  Archon  
  138  10:21  Gateway  
  137  10:27  Probe  
  138  10:29  Probe  
  138  10:30  Immortal (Chrono Boost)  
  138  10:35  Gateway  
  143  10:36  Gateway  
  143  10:37  High Templar  
  143  10:38  High Templar  
  143  10:42  High Templar  
  149  10:45  Zealot x2  
  153  10:51  Gateway  
  151  11:00  Probe  
  151  11:07  High Templar x2  
  151  11:08  Zealot  
  151  11:10  Zealot x2  
  151  11:11  Probe  
  162  11:14  Probe, Shield Battery  
  162  11:16  Photon Cannon  
  163  11:20  Probe x2  
  163  11:22  High Templar x2, Assimilator  
  163  11:23  Assimilator  
  165  11:28  Archon  
  165  11:30  Zealot x3  
  165  11:32  Pylon  
  171  11:40  Pylon  
  171  11:42  Stargate, Immortal (Chrono Boost)  
  171  11:44  Pylon  
  171  11:45  Pylon  
  169  11:54  Zealot x4  
  169  11:55  Zealot x3  
  169  11:58  Protoss Ground Weapons Level 3 (Chrono Boost)  
  169  12:00  High Templar  
  185  12:07  Warp Prism (Chrono Boost)  
  183  12:14  Zealot  
  183  12:15  Zealot x5  
  195  12:24  Zealot x2  
  191  12:38  Immortal (Chrono Boost)  
  193  12:48  High Templar  
  189  12:55  Fleet Beacon  
  187  13:06  Zealot x6  
  195  13:13  Zealot x2  
  195  13:17  Zealot  
  195  13:19  Immortal  
  193  13:24  High Templar  
  193  13:32  Zealot x4  
  199  13:37  Archon  
  181  13:41  Zealot x5  
  181  13:48  Archon  
  173  13:53  Zealot x4  
  161  14:00  Zealot  
  161  14:03  Zealot x5  
  163  14:19  Zealot x4  
  163  14:20  Probe (Chrono Boost)  
  160  14:25  Stargate, Zealot x2  
  160  14:27  Stargate  
  160  14:29  High Templar x3  
  160  14:30  High Templar  
  172  14:34  Archon  
Show
View Real Time Build Order
Export as new Build Order

soO Zerg 

Build Orders: Hatch First, Roach Nydus 

Get SALT Encoding   

  12  0:00  Drone  
  13  0:11  Overlord  
  13  0:17  Drone  
  14  0:30  Drone x2  
  14  0:33  Drone  
  17  0:50  Hatchery  
  17  0:54  Drone  
  17  0:58  Drone  
  18  1:08  Extractor  
  17  1:12  Spawning Pool  
  17  1:15  Drone  
  17  1:19  Drone  
  18  1:27  Drone  
  19  1:43  Hatchery  
  18  1:47  Drone  
  18  1:52  Drone  
  20  2:02  Queen  
  22  2:08  Metabolic Boost  
  22  2:10  Drone  
  22  2:14  Drone  
  24  2:20  Drone x2  
  26  2:26  Overlord  
  26  2:32  Queen  
  28  2:45  Drone x4  
  32  2:54  Drone x2  
  32  2:56  Drone, Queen  
  37  3:01  Overlord  
  37  3:04  Drone  
  38  3:06  Drone  
  38  3:10  Drone  
  38  3:11  Drone x2  
  42  3:15  Overlord  
  42  3:20  Zergling x2  
  42  3:23  Zergling x2  
  42  3:24  Drone  
  42  3:25  Overlord  
  45  3:27  Drone  
  45  3:30  Drone  
  45  3:33  Queen  
  49  3:36  Drone  
  49  3:38  Drone  
  51  3:43  Drone  
  51  3:44  Drone x2  
  51  3:45  Roach Warren  
  51  3:47  Drone  
  51  3:48  Spore Crawler  
  53  3:51  Spore Crawler  
  53  3:53  Spore Crawler  
  53  3:55  Drone  
  52  3:57  Drone  
  52  3:58  Drone  
  52  4:00  Drone  
  52  4:01  Drone  
  56  4:06  Lair  
  56  4:07  Drone  
  57  4:14  Queen, Extractor  
  57  4:15  Extractor  
  57  4:20  Extractor, Overlord  
  57  4:21  Drone x3  
  59  4:31  Overlord  
  59  4:37  Overlord  
  59  4:41  Roach x2  
  59  4:42  Roach  
  59  4:44  Overlord  
  65  4:58  Roach x3  
  71  5:01  Overlord  
  71  5:02  Overlord  
  71  5:04  Roach, Nydus Network  
  71  5:05  Roach  
  74  5:08  Roach  
  74  5:09  Roach, Overlord  
  74  5:10  Zergling x2  
  74  5:11  Zergling x6  
  74  5:14  Overlord  
  82  5:15  Overlord  
  82  5:33  Roach x3  
  83  5:44  Nydus Canal  
  83  5:46  Roach x4  
  84  5:50  Roach  
  84  5:51  Roach x5  
  84  5:56  Roach  
  97  5:57  Roach  
  99  6:05  Roach  
  99  6:06  Roach  
  99  6:07  Roach  
  105  6:13  Roach  
  105  6:14  Overlord  
  107  6:19  Glial Reconstitution  
  107  6:21  Drone  
  107  6:23  Drone  
  107  6:24  Drone  
  110  6:30  Ravager  
  110  6:39  Roach x4  
  107  6:43  Roach  
  107  6:44  Roach  
  103  6:47  Roach  
  103  6:51  Roach  
  103  6:53  Roach  
  103  6:58  Roach x2  
  103  7:02  Zergling x4  
  103  7:09  Roach x2  
  103  7:15  Zergling x6  
  98  7:25  Roach x2  
  98  7:28  Ravager  
  98  7:29  Queen, Zergling x2  
  99  7:33  Drone x2  
  99  7:34  Drone  
  103  7:46  Drone x2  
  103  7:48  Roach  
  104  7:52  Ravager  
  104  7:55  Zergling x4  
  105  7:58  Ravager  
  105  7:59  Zergling x2  
  89  8:12  Drone  
  89  8:13  Drone, Roach  
  89  8:15  Queen  
  89  8:16  Queen  
  94  8:20  Roach  
  94  8:21  Roach  
  94  8:23  Roach  
  86  8:27  Roach  
  86  8:30  Roach  
  86  8:31  Roach  
  80  8:38  Drone x2  
  80  8:40  Drone  
  74  8:41  Hydralisk Den  
  74  8:43  Evolution Chamber  
  73  8:48  Zergling x4  
  73  8:50  Zergling x2  
  75  8:59  Zergling x2  
  75  9:00  Zergling x4  
  78  9:05  Hatchery  
  77  9:11  Drone x3  
  77  9:12  Drone, Zerg Missile Weapons Level 1  
  77  9:13  Grooved Spines  
  77  9:14  Drone x2  
  83  9:23  Zergling x6  
  86  9:27  Hydralisk x3  
  92  9:32  Drone x3  
  92  9:34  Hydralisk x2  
  92  9:36  Hydralisk  
  101  9:41  Hydralisk x2  
  101  9:44  Hydralisk  
  105  9:49  Drone x2  
  105  9:50  Drone  
  106  9:57  Hydralisk  
  101  10:03  Drone x3  
  101  10:04  Drone  
  101  10:05  Drone  
  105  10:13  Hydralisk x4  
  113  10:16  Drone x4  
  117  10:24  Hydralisk  
  117  10:25  Hydralisk  
  117  10:28  Hydralisk  
  121  10:29  Zergling x2  
  123  10:36  Hydralisk x2  
  123  10:40  Drone x2  
  123  10:41  Roach x2  
  133  10:44  Drone x2  
  133  10:45  Overlord  
  133  10:46  Overlord, Extractor  
  133  10:48  Overlord  
  133  10:49  Overlord  
  134  10:51  Overlord, Muscular Augments  
  134  10:53  Zergling x2  
  134  10:54  Overlord  
  134  10:56  Overlord  
  135  10:58  Overlord  
  135  11:01  Overlord  
  135  11:04  Roach  
  135  11:05  Roach  
  138  11:13  Roach x6  
  138  11:16  Zergling x2  
  138  11:17  Zergling x10  
  156  11:21  Overlord  
  156  11:23  Extractor  
  156  11:25  Zerg Missile Weapons Level 2  
  154  11:32  Roach x5  
  163  11:41  Roach  
  163  11:42  Roach x2  
  163  11:44  Roach x2  
  163  11:45  Extractor  
  163  11:46  Roach  
  163  11:47  Roach x3, Zergling x10  
  183  11:56  Drone x3  
  183  11:57  Lurker Den  
  185  12:02  Hydralisk  
  185  12:06  Roach x2  
  185  12:07  Roach  
  192  12:12  Overlord  
  192  12:15  Overlord  
  192  12:16  Roach x2  
  192  12:17  Roach  
  192  12:22  Roach  
  195  12:23  Roach  
  195  12:24  Roach  
  199  12:34  Overlord  
  198  12:43  Roach  
  193  13:02  Roach, Spine Crawler  
  193  13:03  Roach x3, Spine Crawler  
  197  13:08  Roach x9, Hydralisk, Hatchery  
  190  13:14  Roach x4  
  190  13:16  Roach x2  
  190  13:18  Hydralisk x2  
  190  13:19  Hydralisk  
  198  13:25  Hydralisk x3  
  198  13:26  Overseer  
  196  13:30  Hydralisk  
  196  13:32  Hydralisk  
  200  13:35  Hydralisk x2  
  200  13:37  Hydralisk x3  
  184  13:41  Hydralisk  
  184  13:46  Hydralisk x2  
  150  13:48  Hydralisk  
  150  13:53  Hydralisk  
  116  13:56  Hydralisk  
  116  13:57  Hydralisk  
  116  13:59  Hydralisk  
  112  14:05  Hydralisk  
  112  14:08  Roach x2  
  104  14:13  Roach  

Tags
 
Add a new tag
Caveats
  • Supply blocks, unpowered buildings, or Contaminate may cause inaccurate times.
  • Supply counts are checked every 10 seconds.